 Dungeon Crawl Stone Soup version 0.24-a0-160-gfa3a8d6 (webtiles) character file.

Game seed: 12963439716648430886

4542 Lanoc the Cleaver (level 10, -16/88 HPs)
             Began as a Green Draconian Gladiator on Mar 5, 2019.
             Was a Priest of Uskayaw.
             Demolished by a two-headed ogre
             ... wielding a cursed -1 giant club
              (28 damage)
             ... on level 9 of the Dungeon.
             The game lasted 00:13:17 (5668 turns).

Lanoc the Cleaver (Green Draconian Gladiator)       Turns: 5668, Time: 00:13:18

Health: -16/88     AC:  8    Str: 18    XL:     10   Next: 17%
Magic:  13/13      EV: 16    Int:  8    God:    Uskayaw [***...]
Gold:   425        SH:  0    Dex: 15    Spells: 9/9 levels left

rFire    . . .     SeeInvis .   B - +4 war axe
rCold    . . .     Gourm    .   (no shield)
rNeg     . . .     Faith    .   (armour unavailable)
rPois    +         Spirit   .   b - +0 hat
rElec    .         Reflect  .   v - +0 cloak
rCorr    .         Harm     .   (no gloves)
MR       .....                  (no boots)
Stlth    +.........             j - amulet of regeneration
HPRegen  0.64/turn              e - ring of wizardry
MPRegen  0.13/turn              u - ring of poison resistance

@: no status effects
A: breathe noxious fumes, unfitting armour, poison resistance, cold-blooded, AC
+7
a: Breathe Noxious Fumes, Stomp, Line Pass, Renounce Religion


You were on level 9 of the Dungeon.
You worshipped Uskayaw.
Uskayaw was noncommittal.
You were not hungry.

You visited 2 branches of the dungeon, and saw 10 of its levels.

You collected 425 gold pieces.

Inventory:

Hand Weapons
 a - a +0 war axe
 B - a +4 war axe (weapon)
 C - a +4 battleaxe
Armour
 b - a +0 hat (worn)
 v - a +0 cloak (worn)
Jewellery
 e - a ring of wizardry (left hand)
 j - an amulet of regeneration (around neck)
 u - a ring of poison resistance (right hand)
Wands
 c - a wand of enslavement (3)
 A - a wand of paralysis (3)
Scrolls
 f - a scroll of fog {unknown}
 g - a scroll of vulnerability {unknown}
 h - 2 scrolls of blinking {unknown}
 k - 5 scrolls of teleportation {unknown}
 l - 2 scrolls of amnesia {unknown}
 q - 3 scrolls of remove curse {unknown}
 r - 2 scrolls of noise {unknown}
 w - a scroll of enchant weapon {unknown}
 x - 2 scrolls of magic mapping {unknown}
 y - 2 scrolls of immolation {unknown}
 D - a scroll of fear {unknown}
Potions
 i - 4 potions of curing
 m - a potion of cancellation
 n - 2 potions of brilliance
 o - 2 potions of agility
 p - a potion of magic
 t - 2 potions of flight
 z - a potion of mutation
Comestibles
 d - 13 rations
 s - 5 chunks of flesh


   Skills:
 + Level 8.1 Fighting
 * Level 10.5 Axes
 - Level 1.7 Throwing
 + Level 7.0 Dodging
 + Level 4.6 Invocations


You had 9 spell levels left.
You didn't know any spells.
Your spell library contained the following spells:

 Spells                   Type           Power        Failure   Level  Hunger
 Bolt of Magma            Conj/Fire/Erth #.........   99%         5    ######.
 Iskenderun's Battlesphe  Conj/Chrm      #.......     99%         5    ######.
 Venom Bolt               Conj/Pois      #.........   99%         5    ######.
 Iron Shot                Conj/Erth      #.........   100%        6    #######
 Orb of Destruction       Conj           #.........   100%        7    #######
 Spellforged Servitor     Conj/Summ      #.........   100%        7    #######


Dungeon Overview and Level Annotations

Branches:
Dungeon (9/15)             Temple (1/1) D:4            Lair (0/6) D:9
    Orc: D:9-12

Altars:
Ashenzari
Cheibriados
Dithmenos
Fedhas
Gozag
Hepliaklqana
Kikubaaqudgha
Makhleb
Nemelex Xobeh
Okawaru
Qazlal
Ru
Trog
Uskayaw
Vehumet
Wu Jian
Xom
Zin
The Shining One

Shops:
D:4 *

Annotations:
D:8 3 runed translucent doors, Oggle's ghost, novice OgFE


Innate Abilities, Weirdness & Mutations

You can breathe blasts of noxious fumes.
Your lurid green scales are hard. (AC +7)
You cannot fit into any form of body armour.
Your system is resistant to poisons. (rPois)
You are cold-blooded and may be slowed by cold attacks.


Message History

The two-headed ogre hits the plant with a cursed -1 giant club!
The two-headed ogre hits the plant with a +0 giant club!
The plant is destroyed!
You slash the two-headed ogre!
The two-headed ogre is moderately wounded.
You completely miss the fungus.
You have got your breath back.
The two-headed ogre hits you with a cursed -1 giant club!!
* * * LOW HITPOINT WARNING * * *
The two-headed ogre barely misses you.
Uskayaw will force your foes to helplessly watch your dance.
Uskayaw prepares the audience for your solo!
The helpless two-headed ogre fails to defend itself.
You hit the two-headed ogre.
The two-headed ogre is moderately wounded.
You hit the fungus but do no damage.
The two-headed ogre seems less confused.
The two-headed ogre is no longer paralysed.
The two-headed ogre hits you with a cursed -1 giant club!!
You die...

............ ######
#......P...##
###...PP.P..P#
...PP.....P..##
......PPP.P.P.#
.....P.PP....P###
..P...P...PP..P.######
#..PP.....PPP........#
..PPP.P.O@.PPPP......#
P....P.P...P.........#
PPP..PP.P.P.PP.P.....#
..P.P.PP>P...PP......#
P..PP..P..PP.PP......#
P.P..P..PP.PP..P.....#####
...PP.PPP.PP..÷....÷......
...P...PPPP.............
..PPPPP.P.†.....#######


You could see a two-headed ogre.

Vanquished Creatures
  Harold (D:8)
  Sigmund (D:2)
  A yak (D:9)
  A vampire (D:9)
  6 porcupines (D:9)
  An orc warrior (D:3)
  An ice beast (D:8)
  Purgy (D:3)
  A black bear (D:9)
  2 sky beasts
  4 centaurs
  3 ogres
  5 bullfrogs
  4 scorpions
  5 wights (D:5)
  2 crimson imps
  2 bullfrog zombies
  2 hounds (D:5)
  2 jellies
  5 orc priests
  Crazy Yiuf (D:3)
  2 bullfrog skeletons (D:6)
  Ijyb (D:4)
  Natasha (thrice) (D:3)
  Terence (D:3)
  5 worker ants
  A hound zombie (D:6)
  4 gnolls (D:6)
  9 adders
  A shadow imp (D:5)
  4 adder skeletons
  2 worms
  5 leopard geckos
  20 orcs
  4 giant cockroaches
  8 goblins
  10 hobgoblins
  15 jackals
  8 kobolds
  4 quokkas
  2 ball pythons
  8 bats
  4 frilled lizards
  A jackal skeleton (D:5)
  A quokka zombie (D:6)
  10 rats
  3 fungi (D:9)
  2 plants (D:9)
189 creatures vanquished.

Vanquished Creatures (collateral kills)
  An orc priest (D:4)
1 creature vanquished.

Vanquished Creatures (others)
  11 fungi (D:9)
11 creatures vanquished.

Grand Total: 201 creatures vanquished

Notes
Turn   | Place    | Note
-------+----------+-------------------------------------------
     0 | D:1      | Lanoc the Draconian Gladiator began the quest for the Orb.
     0 | D:1      | Reached XP level 1. HP: 17/17 MP: 1/1
    64 | D:2      | Reached XP level 2. HP: 25/25 MP: 2/2
    67 | D:2      | Noticed Sigmund
   499 | D:1      | Reached XP level 3. HP: 27/30 MP: 3/3
   933 | D:2      | Found a bloodstained altar of Trog.
  1279 | D:2      | Found a sparkling altar of Nemelex Xobeh.
  1333 | D:2      | Found a shimmering altar of Xom.
  1333 | D:2      | Found a shimmering altar of Xom.
  1334 | D:2      | Found a shimmering altar of Xom.
  1335 | D:2      | Found a shimmering altar of Xom.
  1463 | D:2      | Reached skill level 4 in Axes
  1505 | D:2      | Reached XP level 4. HP: 36/38 MP: 4/4
  1522 | D:2      | Killed Sigmund
  1522 | D:2      | Reached skill level 5 in Axes
  1522 | D:2      | Reached XP level 5. HP: 20/46 MP: 5/5
  1701 | D:3      | Found a radiant altar of Vehumet.
  1816 | D:3      | Reached XP level 6. HP: 13/52 MP: 6/6
  1967 | D:3      | Noticed Natasha
  1978 | D:3      | Killed Natasha
  2004 | D:3      | Noticed Natasha
  2024 | D:3      | Killed Natasha
  2122 | D:3      | Noticed Natasha
  2130 | D:3      | Killed Natasha
  2156 | D:3      | Found a shadowy altar of Dithmenos.
  2157 | D:3      | Noticed Terence
  2174 | D:3      | Killed Terence
  2203 | D:3      | Noticed Purgy
  2218 | D:3      | Killed Purgy
  2218 | D:3      | Reached skill level 6 in Axes
  2218 | D:3      | Your scales start taking on a lurid green colour.
  2218 | D:3      | Reached XP level 7. HP: 42/60 MP: 7/7
  2218 | D:3      | Gained mutation: Your system is resistant to poisons.
                  | (rPois) [Green Draconian growth]
  2224 | D:3      | Found a sacrificial altar of Ru.
  2469 | D:3      | Found a runed translucent door.
  2470 | D:3      | Noticed Crazy Yiuf
  2480 | D:3      | Killed Crazy Yiuf
  2511 | D:4      | Noticed Ijyb
  2531 | D:4      | Killed Ijyb
  2546 | D:4      | Reached skill level 5 in Fighting
  2619 | D:4      | Found a staircase to the Ecumenical Temple.
  2844 | D:4      | Reached skill level 7 in Axes
  3010 | D:4      | Found Emichub's General Store.
  3295 | D:5      | Entered Level 5 of the Dungeon
  3366 | D:5      | Reached skill level 5 in Dodging
  3366 | D:5      | Reached XP level 8. HP: 57/69 MP: 8/8
  3729 | D:5      | Found an ancient bone altar of Kikubaaqudgha.
  3949 | Temple   | Entered the Ecumenical Temple
  4023 | Temple   | Became a worshipper of Uskayaw the Reveler
  4058 | D:6      | Reached * piety under Uskayaw
  4060 | D:6      | Reached skill level 8 in Axes
  4064 | D:6      | Reached ** piety under Uskayaw
  4087 | D:6      | Reached *** piety under Uskayaw
  4094 | D:6      | Reached **** piety under Uskayaw
  4099 | D:6      | Reached ***** piety under Uskayaw
  4242 | D:6      | Reached skill level 1 in Invocations
  4347 | D:6      | Reached XP level 9. HP: 73/78 MP: 8/10
  4592 | D:7      | You fall through a shaft!
  4600 | D:8      | Reached skill level 9 in Axes
  4609 | D:8      | Noticed Harold
  4629 | D:8      | Killed Harold
  5045 | D:8      | Found a runed translucent gate.
  5046 | D:8      | Found a runed translucent gate.
  5046 | D:8      | Found a runed translucent gate.
  5047 | D:8      | Noticed Oggle's ghost (novice OgFE)
  5379 | D:9      | Reached skill level 10 in Axes
  5529 | D:9      | Found a staircase to the Lair.
  5537 | D:9      | Reached XP level 10. HP: 51/88 MP: 13/13
  5607 | D:9      | Paralysed by a crimson imp for 3 turns
  5655 | D:9      | Noticed a two-headed ogre
  5668 | D:9      | Demolished by a two-headed ogre

Levels and vault maps discovered:
D:1:      dpeg_arrival_pits, layout_basic
D:2:      layout_rooms, bloody_trog, nemelex_altar_shiori, first_ration,
          xom_redecorated, uniq_sigmund
D:3:      layout_rooms, nicolae_ru_awakened_eye,
          nicolae_dithmenos_through_a_glass_darkly, vehumet_crystals,
          minmay_divided_ellipse, uniq_terence, uniq_natasha,
          uniq_crazy_yiuf_cottage, uniq_purgy
D:4:      minmay_door_path, layout_basic, minmay_temple_entry_from_below_a,
          serial_shops, shop, uniq_ijyb
D:5:      cheibrodos_thug_alley, layout_basic, led_sif_pool, old_standard_altar,
          uniq_pikel
D:6:      layout_rooms, minmay_misc_feat_secret_circle
D:7:      layout_basic, kennysheep_mini, uniq_joseph
D:8:      layout_loops_ring, gammafunk_ghost_necromancy, uniq_harold
D:9:      layout_cave_pods, lemuel_crystal_altar, due_lair_maze_entry_diamond,
          gammafunk_ghost_nasty_kobolds, uniq_prince_ribbit1
Temple:   nicolae_temple_x_marks_the_god

Skill      XL: |  1  2  3  4  5  6  7  8  9 10 |
---------------+-------------------------------+-----
Dodging        | 3 4 5 6 7 |  7.0
Fighting       | 3 4 5 6 7 8 |  8.1
Axes           | 4 5 6 7 8 10 | 10.5
Invocations    | 1 4 |  4.6
Throwing       | |  1.7

Action                   |  1- 3 |  4- 6 |  7- 9 | 10-12 || total
-------------------------+-------+-------+-------+-------++-------
Melee: War axe           |   113 |   149 |   283 |    30 ||   575
       Tailslap          |    10 |    15 |    35 |     4 ||    64
Throw: Throwing net      |       |     3 |     1 |       ||     4
 Abil: Breathe Noxious F |       |       |     9 |     2 ||    11
  Use: Scroll            |       |       |     7 |       ||     7
       Potion            |       |       |     1 |       ||     1
 Stab: Sleeping          |     4 |     1 |     5 |       ||    10
       Held in net/web   |       |     2 |     3 |       ||     5
       Confused          |       |       |     6 |     1 ||     7
       Paralysed         |       |       |     9 |     2 ||    11
  Eat: Chunk             |     2 |     3 |    12 |     1 ||    18
Armor: Skin              |    33 |    35 |    54 |     8 ||   130
Dodge: Dodged            |    82 |   131 |   211 |    20 ||   444

Table legend:
 A = Non-vault XP
 B = Vault XP
 C = Vault XP percentage of total XP
 D = Non-vault monster count
 E = Vault monster count
 F = Vault count percentage of total count
                 A         B        C        D         E       F
            +---------+---------+-------+---------+---------+-------
      Total |    3688 |    2801 |  43.2 |     158 |      27 |  14.6
            +---------+---------+-------+---------+---------+-------
        D:1 |      42 |       0 |   0.0 |      24 |       0 |   0.0
        D:2 |      58 |     212 |  78.5 |      20 |       1 |   4.8
        D:3 |     244 |     408 |  62.6 |      27 |      15 |  35.7
        D:4 |     268 |     103 |  27.8 |      19 |       2 |   9.5
        D:5 |     527 |       0 |   0.0 |      17 |       0 |   0.0
        D:6 |     945 |       0 |   0.0 |      25 |       0 |   0.0
        D:7 |      48 |       0 |   0.0 |       1 |       0 |   0.0
        D:8 |     765 |     992 |  56.5 |      12 |       1 |   7.7
        D:9 |     791 |    1086 |  57.9 |      13 |       8 |  38.1
            +---------+---------+-------+---------+---------+-------
